 Dungeon Crawl Stone Soup version 0.30-a0-920-g7493c07aab (webtiles) character file.

Game seed: 6536006383659938802

11208 Dordric the Fighter (level 12, -15/93 HPs)
             Began as a Djinni Warper on Mar 21, 2023.
             Was a High Priest of Okawaru.
             Demolished by a catoblepas (22 damage)
             ... on level 1 of the Lair of Beasts on Mar 22, 2023.
             The game lasted 00:29:05 (13720 turns).

Dordric the Fighter (Djinni Warper)                Turns: 13720, Time: 00:29:06

Health: -15/93     AC: 10    Str: 14    XL:     12   Next: 4%
Gold:   459        EV: 12    Int: 16    God:    Okawaru [*****.] SH:  5 Dex: 21

rFire   + + .      SeeInvis .    O - +3 scimitar (heavy)
rCold   x . .      Faith    .    (no shield)
rNeg    . . .      Spirit   .    P - +1 troll leather armour
rPois   ∞          Reflect  +    (no helmet)
rElec   .          Rampage  .    w - +0 cloak
rCorr   .                        (no gloves)
Will    +....                    (boots unavailable)
Stlth   ++                       y - amulet of reflection
HPRegen 1.15/turn                n - +4 ring of protection
MPRegen 0.00/turn                I - +6 ring of dexterity

@: flying
A: sickness immunity, fire resistance 2, cold vulnerability 1, float, innate
caster, HP casting, extra vitality 1, strong 1, noise suppression
a: Renounce Religion, Heroism, Finesse, Duel


You were on level 1 of the Lair of Beasts.
You worshipped Okawaru.
Okawaru was extremely pleased with you.
You visited 3 branches of the dungeon, and saw 13 of its levels.
You also visited: Sewer.

You collected 459 gold pieces.

Inventory:

Hand Weapons
 a - a +0 vampiric falchion
 e - a +0 dagger of venom
 L - a +4 dagger of venom
 O - a +3 heavy scimitar (weapon)
Missiles
 d - 7 boomerangs of dispersal
 v - 2 silver boomerangs
 A - a throwing net
 R - 3 boomerangs
Armour
 b - a +0 leather armour
 q - +0 steam dragon scales
 w - a +0 cloak (worn)
 P - a +1 troll leather armour (worn)
Jewellery
 l - an amulet of the acrobat
 n - a +4 ring of protection (left hand)
 y - an amulet of reflection (around neck)
 B - a ring of willpower
 I - a +6 ring of dexterity (right hand)
Wands
 J - a wand of roots (19)
 K - a wand of mindburst (8)
Scrolls
 c - 8 scrolls of blinking
 g - a scroll of silence
 i - 3 scrolls of immolation
 j - 2 scrolls of fog
 k - 4 scrolls of poison
 m - 3 scrolls of amnesia
 o - 2 scrolls of teleportation
 C - a scroll of torment
 D - 6 scrolls of identify
 F - a scroll of noise
 G - 2 scrolls of fear
 H - a scroll of magic mapping
 M - a scroll of brand weapon
 Q - a scroll of enchant armour
Potions
 f - 5 potions of curing
 h - 2 potions of cancellation {unknown}
 p - 2 potions of attraction {unknown}
 r - a potion of ambrosia {unknown}
 s - a potion of flight {unknown}
 t - 3 potions of mutation
 u - 4 potions of might
 x - 2 potions of brilliance
 E - 5 potions of lignification {unknown}
 N - 2 potions of heal wounds {unknown}
Miscellaneous
 z - a lightning rod (3/4)


   Skills:
 + Level 10.8 Fighting
 + Level 10.0 Long Blades
 - Level 0.7 Throwing
 - Level 1.0 Armour
 - Level 2.1 Dodging
 + Level 8.6 Spellcasting


You knew the following spells:

 Your Spells              Type           Power      Damage    Failure   Level
a - Blink                 Tloc           68%        N/A       1%          2
b - Lesser Beckoning      Tloc           68%        N/A       1%          2
c - Vhi's Electric Charg  Tloc/Air       68%        N/A       1%          3
d - Teleport Other        Tloc           34%        N/A       1%          3
e - Manifold Assault      Tloc           34%        N/A       3%          4
f - Sandblast             Erth           68%        2d15      1%          1
g - Scorch                Fire           68%        2d8       1%          2
h - Mephitic Cloud        Conj/Pois/Air  34%        N/A       1%          3
i - Frozen Ramparts       Ice            68%        1d11      1%          3
j - Lee's Rapid Deconstr  Erth           17%        3d10*     11%         5
Your spell library was empty.

Dungeon Overview and Level Annotations

Branches:
Dungeon (11/15)            Temple (1/1) D:7            Lair (1/5) D:10
    Orc (0/2) D:9           Sewer (visited)

Altars:
Ashenzari
Cheibriados
Elyvilon
Hepliaklqana
Makhleb
Nemelex Xobeh
Okawaru
Trog
Uskayaw
Wu Jian
Xom
Yredelemnul
Zin
The Shining One

Shops:
D:2 [   D:4 =

Annotations:
D:6 2 transporters, Nabski's ghost, novice TeFE
D:7 2 transporters, 1 runed translucent door, Newt's ghost, novice KoHu
D:11 Erica


Innate Abilities, Weirdness & Mutations

You are immune to sickness and miasma.
You are immune to poison.
Your flesh is very heat resistant. (rF++)
You are vulnerable to cold. (rC-)
You float through the air rather than walking.
You learn spells naturally, not from books.
Your magical power is your life essence.
You have superior vitality. (+4 MHP)
Your muscles are strong. (Str +4, Int/Dex -1)
You passively dampen the noise of your surroundings.


Message History

The catoblepas is heavily wounded.
You are engulfed in calcifying dust.
The frozen ramparts melt away.
The catoblepas gores you!!
You have turned to stone.
The catoblepas gores you. x2
The catoblepas snuffles in challenge.
The catoblepas barely misses you. The catoblepas gores you!
The catoblepas gores you but does no damage.
The catoblepas gores you! x2
The catoblepas gores you but does no damage.
The catoblepas gores you!!
* * * LOW HITPOINT WARNING * * *
The catoblepas breathes a plume of calcifying dust at you.
The blast of calcifying dust hits you.
* * * LOW HITPOINT WARNING * * *
You turn to flesh and can move again.
The catoblepas breathes a plume of calcifying dust at you.
The blast of calcifying dust hits you but does no damage.
You are engulfed in calcifying dust.
Casting: Lee's Rapid Deconstruction (dangerous; 11% risk of failure)
Confirm with . or Enter, or press ? or * to list all spells.
Okay, then.
Really fly into that cloud of calcifying dust? [Y]es or [N]o only, please.
Really fly into that cloud of calcifying dust? [Y]es or [N]o only, please.
Really fly into that cloud of calcifying dust? [Y]es or [N]o only, please.
Really fly into that cloud of calcifying dust?
Okay, then.
The catoblepas attacks as you move away!
The catoblepas gores you.
The catoblepas attacks as you move away!
The catoblepas gores you!!
* * * LOW HITPOINT WARNING * * *
It was a potion of mutation.
You feel extremely strange.
You feel stronger.
You feel your surroundings grow quieter.
The catoblepas gores you!!
You die...

#....................
##...................
#................#..
##....†.........#...
####.#........##...
###.#########... #.##
#.#.... #####..#
###.....#
###@##.§####...##..#
#...Y...#.†.###.#..#
.............###
####..
...##......##.# #..
.. ##.....##.# #P.
##..##...# ### ####
...# # ...# ...#


You could see a catoblepas.

Vanquished Creatures
  A cyclops (D:11)
  Maurice (D:11)
  4 unseen horror zombies (D:10)
  A troll (D:9)
  A hornet (D:10)
  Prince Ribbit (D:7)
  2 blink frogs (Lair:1)
  A meliai zombie (D:10)
  10 yaks
  2 wyverns
  Sigmund (D:4)
  A vampire (D:11)
  Grum (D:11)
  2 steam dragons (D:7)
  A warg (D:9)
  Edmund (D:4)
  An acid dragon (D:11)
  6 water moccasins
  Duvessa (D:6)
  A hornet zombie (D:5)
  4 black bears
  2 ice beasts
  A sky beast (D:8)
  3 orc warriors
  4 wolves (D:11)
  A phantom (D:6)
  2 kobold brigands (D:8)
  Blork the orc (D:6)
  8 bullfrogs
  2 gnoll sergeants
  6 scorpions
  Dowan (D:6)
  9 killer bees (D:9)
  4 howler monkeys
  A crimson imp (D:6)
  3 centaur zombies (D:10)
  2 bullfrog zombies (D:5)
  4 hounds
  2 jellies
  4 orc priests
  Crazy Yiuf (D:4)
  A bullfrog skeleton (D:5)
  5 iguanas
  A sleepcap (D:6)
  8 orc wizards
  4 howler monkey zombies
  2 howler monkey skeletons (D:5)
  9 adders
  13 gnolls
  A shadow imp (D:8)
  A white imp (D:6)
  A worm (D:4)
  6 dart slugs
  26 orcs
  11 endoplasms
  10 giant cockroaches
  9 goblins
  10 hobgoblins
  24 kobolds
  11 quokkas
  10 ball pythons
  9 bats
  9 frilled lizards
  3 goblin skeletons (D:6)
  A goblin zombie (D:6)
  An orc skeleton (D:6)
  2 orc zombies (D:6)
  5 rats
298 creatures vanquished.

Vanquished Creatures (others)
  An angel (D:4)
  A ball python (D:4)
  A plant (Lair:1)
  3 withered plants (D:5)
6 creatures vanquished.

Grand Total: 304 creatures vanquished

Notes
Turn   | Place    | Note
-------+----------+-------------------------------------------
     0 | D:1      | Dordric the Djinni Warper began the quest for the Orb.
     0 | D:1      | Dordric set off with the following spells memorised: Blink,
                  | Lesser Beckoning, Vhi's Electric Charge, Teleport Other,
                  | Manifold Assault.
     0 | D:1      | Reached XP level 1. HP: 18/18 MP: 0/0
    94 | D:1      | Reached XP level 2. HP: 18/23 MP: 0/0
   286 | D:1      | Reached XP level 3. HP: 8/29 MP: 0/0
   286 | D:1      | Learned a level 1 spell: Sandblast
   881 | D:2      | Reached XP level 4. HP: 32/34 MP: 0/0
   966 | D:2      | Identified the +1 mace of Pirhawne {antimagic, rN+ Str-2
                  | Int+4}
   985 | D:2      | Found Quzeloen's Armour Shop.
  1743 | D:3      | Found a glowing drain.
  1757 | Sewer    | Entered a sewer
  1774 | Sewer    | Reached XP level 5. HP: 38/40 MP: 0/0
  1774 | Sewer    | Learned a level 2 spell: Scorch
  1922 | Sewer    | Noticed a bullfrog
  1922 | Sewer    | Noticed a bullfrog
  1926 | Sewer    | Killed a bullfrog
  1927 | Sewer    | Reached XP level 6. HP: 33/46 MP: 0/0
  2796 | D:3      | Found a sparkling altar of Nemelex Xobeh.
  2985 | D:4      | Noticed Sigmund
  2992 | D:4      | Killed Sigmund
  2993 | D:4      | Reached XP level 7. HP: 32/53 MP: 0/0
  2993 | D:4      | Learned a level 3 spell: Mephitic Cloud
  3311 | D:4      | Found a glowing silver altar of Zin.
  3311 | D:4      | Noticed an angel
  3314 | D:4      | Found a shimmering altar of Xom.
  3619 | D:4      | Found a runed translucent door.
  3620 | D:4      | Noticed Crazy Yiuf
  3848 | D:4      | Reached skill level 5 in Fighting
  3966 | D:4      | Reached XP level 8. HP: 49/59 MP: 0/0
  4030 | D:4      | Found Oryq's Jewellery Shop.
  4334 | D:4      | Killed an angel
  4529 | D:4      | Killed Crazy Yiuf
  4723 | D:5      | Entered Level 5 of the Dungeon
  4866 | D:5      | Reached skill level 5 in Long Blades
  4986 | D:5      | You are sucked into a shaft and drop 2 floors!
  5014 | D:7      | Found a bloodstained altar of Trog.
  5014 | D:7      | Noticed a moth of wrath
  5014 | D:7      | Noticed Newt's ghost (novice KoHu)
  5044 | D:7      | Found a transporter.
  5104 | D:7      | Found a transporter.
  5132 | D:7      | Reached skill level 5 in Spellcasting
  5458 | D:7      | Reached XP level 9. HP: 39/67 MP: 0/0
  5458 | D:7      | Learned a level 3 spell: Frozen Ramparts
  5643 | D:7      | Found a hazy altar of Hepliaklqana.
  5768 | D:7      | Found a staircase to the Ecumenical Temple.
  5798 | D:7      | Found a runed translucent door.
  5798 | D:7      | Noticed a sixfirhy
  5798 | D:7      | Noticed Prince Ribbit
  5825 | D:7      | Killed Prince Ribbit
  6545 | D:5      | HP: 1/68 [hornet zombie (4)]
  7002 | D:5      | Noticed Edmund
  7203 | D:4      | Killed Edmund
  7895 | D:6      | Noticed Nabski's ghost (novice TeFE)
  7895 | D:6      | Found a transporter.
  7895 | D:6      | Found a transporter.
  7901 | D:6      | Identified the +6 great mace "Ojath" {venom, rC+ Int+3
                  | Dex+3}
  7901 | D:6      | Noticed a two-headed ogre
  7947 | D:6      | Noticed Duvessa
  7948 | D:6      | Noticed Blork the orc
  7982 | D:6      | Noticed Dowan
  8060 | D:6      | Killed Duvessa
  8061 | D:6      | Reached XP level 10. HP: 57/76 MP: 0/0
  8062 | D:6      | Killed Dowan
  8293 | D:6      | Killed Blork the orc
  8336 | D:6      | Found a glowing golden altar of the Shining One.
  8767 | Temple   | Entered the Ecumenical Temple
  8841 | Temple   | Became a worshipper of Warmaster Okawaru
  9277 | D:8      | Found a burning altar of Makhleb.
  9278 | D:8      | Found a broken altar of Ashenzari.
  9279 | D:8      | Found a snail-covered altar of Cheibriados.
  9746 | D:8      | Reached * piety under Okawaru
  9759 | D:8      | HP: 3/77 [yak (13)]
  9760 | D:8      | HP: 1/77 [yak (2)]
 10444 | D:9      | Found a staircase to the Orcish Mines.
 10699 | D:9      | Reached ** piety under Okawaru
 10961 | D:9      | Found a bloodstained altar of Trog.
 10970 | D:9      | Reached XP level 11. HP: 64/84 MP: 0/0
 10970 | D:9      | Learned a level 5 spell: Lee's Rapid Deconstruction
 11584 | D:10     | Entered Level 10 of the Dungeon
 11653 | D:10     | Reached *** piety under Okawaru
 12001 | D:10     | Found a basalt altar of Yredelemnul.
 12184 | D:9      | Reached skill level 10 in Fighting
 12407 | D:9      | Identified a scroll of acquirement
 12408 | D:9      | Acquired a +1 heavy scimitar
 12538 | D:10     | Reached **** piety under Okawaru
 12640 | D:10     | Found a staircase to the Lair.
 13222 | D:11     | Noticed Maurice
 13239 | D:11     | Killed Maurice
 13306 | D:11     | Noticed a cyclops
 13310 | D:11     | Noticed Grum
 13316 | D:11     | Killed a cyclops
 13316 | D:11     | Killed Grum
 13319 | D:11     | Noticed Erica
 13324 | D:11     | Noticed a cyclops
 13424 | Lair:1   | Entered Level 1 of the Lair of Beasts
 13506 | Lair:1   | Reached ***** piety under Okawaru
 13678 | Lair:1   | Noticed a catoblepas
 13697 | Lair:1   | Reached XP level 12. HP: 85/93 MP: 0/0
 13698 | Lair:1   | Reached skill level 10 in Long Blades
 13720 | Lair:1   | Gained mutation: Your muscles are strong. (Str +4, Int/Dex
                  | -1) [potion of mutation]
 13720 | Lair:1   | Gained mutation: You passively dampen the noise of your
                  | surroundings. [potion of mutation]
 13720 | Lair:1   | Demolished by a catoblepas

Illustrated notes

Levels and vault maps discovered:
D:1:      heliophobic_arrival_henge, layout_loops_ring
D:2:      layout_loops_ring, serial_shops, shop
D:3:      layout_basic, nemelex_xobeh_ov_fountains_minmay, portal_sewer_entry_f
D:4:      layout_layer_cave, grunt_temple_overflow_order_and_chaos_1,
          serial_shops, shop_statue, roderic_st_hans_cross, minmay_vboxes,
          uniq_crazy_yiuf_cottage, uniq_sigmund
D:5:      layout_basic, serial_undead, serial_undead_e, serial_undead_e,
          serial_undead_a, serial_undead_c, lightli_minifort, uniq_edmund
D:6:      layout_cave_pools, nicolae_tso_besieged_by_evil,
          gammafunk_ghost_smash, uniq_blork_the_orc, uniq_duvessa
D:7:      cheibrodos_shockbox, layout_basic, mainiacjoe_overflow_tiny_flanked,
          temple_doors_cd, gammafunk_ghost_wrathful_warriors,
          uniq_prince_ribbit1
D:8:      layout_loops_corners, minitemple, enter_bailey_7
D:9:      layout_gridville, trog_ov_bears_minmay, david_orc_3
D:10:     layout_loops_cross, mainiacjoe_overflow_surrounded_room,
          nicolae_yredelemnul_corpse_copse, lair_entry_dummy
D:11:     layout_roguey, uniq_grum, uniq_erica, uniq_maurice
Temple:   bh_familiar_temple
Lair:1:   layout_cave_pods, minivault_19, beast_lair_carwin_6

Skill      XL: |  1  2  3  4  5  6  7  8  9 10 11 12 |
---------------+-------------------------------------+-----
Long Blades    | 2 3 4 5 7 8 9 10 | 10.0
Spellcasting   | 3 4 5 6 7 8 |  8.6
Fighting       | 3 4 5 6 7 9 10 | 10.8
Throwing       | |  0.7
Armour         | |  1.0
Dodging        | |  2.1

Action                     |  1- 3 |  4- 6 |  7- 9 | 10-12 || total
---------------------------+-------+-------+-------+-------++-------
  Melee: Falchion          |    29 |       |   126 |     9 ||   164
         Punch             |     2 |       |     4 |     7 ||    13
         Dagger            |    55 |     7 |    10 |   298 ||   370
         Scimitar          |       |       |       |   127 ||   127
   Cast: Sandblast         |     3 |    55 |     8 |     1 ||    67
         Vhi's Electric Ch |     1 |       |       |       ||     1
         Scorch            |       |    36 |   113 |    34 ||   183
         Lesser Beckoning  |       |     2 |       |       ||     2
         Teleport Other    |       |     1 |       |     1 ||     2
         Mephitic Cloud    |       |       |    18 |     9 ||    27
         Manifold Assault  |       |       |    20 |    88 ||   108
         Blink             |       |       |     2 |     4 ||     6
         Frozen Ramparts   |       |       |    14 |    21 ||    35
         Lee's Rapid Decon |       |       |       |    10 ||    10
 Invoke: Heroism           |       |       |       |     1 ||     1
  Evoke: Lightning rod     |       |       |       |     2 ||     2
    Use: Scroll            |       |       |    14 |     5 ||    19
         Potion            |       |       |     2 |     1 ||     3
   Stab: Confused          |       |       |     3 |     5 ||     8
         Sleeping          |       |       |       |     1 ||     1
 Armour: Leather armour    |    20 |    16 |    10 |       ||    46
         Steam dragon scal |       |       |    55 |   146 ||   201
         Troll leather arm |       |       |       |    39 ||    39
  Dodge: Dodged            |    57 |    45 |   100 |   262 ||   464
  Block: Other             |       |       |     6 |    94 ||   100
         Reflection        |       |       |       |     6 ||     6

Table legend: (Time is in decaauts)
 A = Elapsed time spent in this place.
 B = Non-inter-level travel time spent in this place.
 C = Inter-level travel time spent in this place.
 D = Time resting spent in this place.
 E = Time spent auto-exploring this place.
 F = Levels seen in this place.
 G = Mean time per level.
                   A        B        C        D        E       F      G
               +--------+--------+--------+--------+--------+-----+--------+
         Total |  13724 |  13234 |    490 |    200 |  10824 |  14 |  980.3 |
       Dungeon |  12875 |  12396 |    479 |    200 |  10257 |  11 | 1170.5 |
        Temple |     84 |     74 |     10 |      0 |     50 |   1 |   84.0 |
          Lair |    306 |    306 |      0 |      0 |    198 |   1 |  306.0 |
         Sewer |    458 |    458 |      0 |      0 |    319 |   1 |  458.0 |
               +--------+--------+--------+--------+--------+-----+--------+

Top non-repeatable levels by time:
     D:4: 2096 daAuts
     D:9: 1727 daAuts
     D:5: 1541 daAuts
     D:8: 1509 daAuts
     D:7: 1381 daAuts
    D:10: 990 daAuts
     D:3: 939 daAuts
     D:1: 879 daAuts
     D:6: 843 daAuts
     D:2: 672 daAuts
   Sewer: 458 daAuts
  Lair:1: 306 daAuts
    D:11: 294 daAuts
  Temple: 84 daAuts
